Map: Hecate LE

Players

Patitopanson

  • Race: Protoss Protoss
  • Spawn Location: 7:00

Snyder - Winner!

  • Race: Terran Terran
  • Spawn Location: 1:00

VOD

Have the link to the VOD?

Description

He thought he was cool... bish

Time

  • Played on: March 11, 2024, 7:19 p.m.
  • Length: 13:37
Show
View Real Time Build Order
Export as new Build Order

Patitopanson Protoss 

Build Orders: Cannon Rush 

Get SALT Encoding   

  12  0:10  Pylon  
  12  0:15  Probe  
  13  0:27  Probe  
  14  0:43  Forge  
  14  1:21  Pylon  
  14  1:27  Pylon  
  14  1:44  Photon Cannon  
  14  1:47  Photon Cannon  
  14  1:49  Photon Cannon  
  14  1:51  Photon Cannon  
  14  1:54  Gateway  
  13  2:50  Probe  
  14  3:02  Probe  
  15  3:07  Gateway x2  
  15  3:14  Probe (Chrono Boost)  
  15  3:19  Assimilator  
  16  3:26  Probe (Chrono Boost)  
  17  3:31  Pylon  
  17  3:33  Probe (Chrono Boost)  
  18  3:40  Probe  
  18  3:44  Pylon  
  19  3:51  Photon Cannon  
  19  3:52  Probe  
  19  4:08  Probe  
  20  4:15  Assimilator  
  20  4:20  Probe  
  20  4:22  Zealot x2  
  25  4:33  Probe (Chrono Boost)  
  26  4:42  Pylon, Probe (Chrono Boost)  
  27  4:47  Probe (Chrono Boost)  
  27  5:06  Cybernetics Core  
  27  5:07  Zealot x2  
  31  5:28  Photon Cannon  
  29  5:29  Photon Cannon  
  29  5:32  Photon Cannon  
  29  5:35  Photon Cannon  
  23  6:44  Gateway  
  23  6:50  Photon Cannon x2  
  23  6:52  Photon Cannon x2  
  23  6:58  Pylon  
  23  7:04  Pylon  
  23  7:19  Stalker x2  
  27  7:58  Nexus  
  27  8:02  Zealot, Pylon  
  27  8:03  Zealot x2  
  27  8:05  Pylon  
  33  8:21  Photon Cannon  
  33  8:22  Photon Cannon x2  
  33  8:28  Photon Cannon  
  33  8:29  Sentry, Adept  
  33  8:30  Adept  
  39  8:48  Pylon  
  39  9:03  Probe (Chrono Boost)  
  40  9:14  Protoss Shields Level 1, Probe (Chrono Boost)  
  41  9:19  Probe (Chrono Boost)  
  42  9:25  Probe (Chrono Boost)  
  44  9:35  Probe (Chrono Boost)  
  44  9:37  Probe (Chrono Boost)  
  45  9:42  Probe (Chrono Boost)  
  46  9:57  Robotics Facility  
  46  9:59  Robotics Facility  
  46  10:13  Photon Cannon  
  46  10:17  Photon Cannon  
  46  10:28  Stalker x2  
  46  10:29  Stalker  
  52  10:58  Zealot x2  
  54  11:16  Protoss Ground Weapons Level 1  
  36  11:41  Stargate x2  
  36  11:43  Stargate  
  36  11:44  Stargate  
  32  12:14  Immortal x2  
  38  12:18  Zealot  
  38  12:19  Zealot  
  42  12:53  Immortal x2  
Show
View Real Time Build Order
Export as new Build Order

Snyder Terran - Winner!

Build Orders:  

Get SALT Encoding   

  12  0:03  SCV  
  13  0:15  SCV  
  14  0:21  Supply Depot  
  14  0:27  SCV  
  15  0:44  SCV  
  15  0:49  Barracks  
  16  0:54  Refinery  
  16  0:56  SCV  
  17  1:32  SCV  
  18  1:36  Marine  
  18  1:38  Barracks  
  19  1:54  Marine  
  20  2:12  Marine  
  6  3:16  SCV  
  6  3:19  Marine  
  8  3:28  SCV  
  8  3:30  Barracks  
  9  3:40  SCV  
  10  3:52  SCV  
  11  4:04  SCV  
  11  4:07  Marine  
  13  4:16  SCV  
  14  4:17  Marine  
  15  4:24  Marine  
  15  4:27  Supply Depot  
  15  4:28  SCV  
  18  4:40  SCV  
  18  4:42  Marine  
  20  4:47  Barracks Tech Lab  
  19  4:53  SCV, Refinery  
  20  5:00  Marine  
  20  5:05  SCV  
  20  5:06  Marine  
  23  5:17  SCV  
  23  5:18  Marine  
  25  5:24  Marauder  
  26  5:29  SCV  
  27  5:36  Marine  
  27  5:41  SCV  
  28  5:46  Marauder  
  29  5:54  Marine  
  29  6:06  Marine  
  30  6:11  Marine  
  30  6:28  Marauder  
  30  6:30  Marine  
  30  6:47  Marine  
  30  6:52  Supply Depot  
  31  7:09  Marine  
  31  7:13  Marauder  
  30  7:27  Marine  
  29  7:31  Refinery  
  29  7:34  Marine  
  30  7:44  Engineering Bay  
  30  7:52  Marine  
  30  7:57  Barracks Reactor  
  32  7:58  SCV  
  32  8:07  Concussive Shells  
  32  8:10  SCV, Marine  
  34  8:23  SCV  
  35  8:28  Marine  
  35  8:29  Factory  
  36  8:35  SCV  
  37  8:46  Marauder  
  39  8:54  Orbital Command  
  39  9:06  Barracks  
  39  9:13  Command Center  
  39  9:21  Factory Tech Lab, Supply Depot  
  39  9:34  Marine x2  
  39  9:35  Marauder  
  43  9:40  Siege Tank  
  43  9:43  Supply Depot  
  46  9:52  Marine x2  
  46  9:55  Barracks Reactor  
  46  9:56  Marauder  
  50  10:09  Supply Depot  
  50  10:10  Marine x2  
  50  10:12  Starport  
  52  10:18  Marauder  
  54  10:24  Orbital Command  
  54  10:26  Refinery  
  54  10:28  Marine x2  
  56  10:39  Marauder  
  58  10:43  Siege Tank, Supply Depot  
  58  10:46  Marine x2  
  63  11:01  Marauder  
  56  11:18  Marine x2  
  56  11:22  Marauder  
  56  11:25  Siege Tank  
  61  11:29  Marine x2  
  63  11:43  Marauder  
  65  11:57  Siege Tank  
  68  12:05  Marauder  
  70  12:13  Marine x4  
  74  12:22  Medivac  
  76  12:26  Marauder  
  76  12:29  Siege Tank  
  80  13:01  Siege Tank  
  67  13:14  Marauder, Marine x3  
  67  13:15  Marine  
Tags
 
Matchup
PvT
Spawn Locations
Cross Positions
Add a new tag
Caveats
  • Supply blocks, unpowered buildings, or Contaminate may cause inaccurate times.
  • Supply counts are checked every 10 seconds.